Merlek, chaotic female human Wizard ---- --- |..--- --- -..----- |....-----.---- .......--- --.-....|.....--- ....... |..---.........| -- --- -..s.- --.| ---.......-- ------ --.--.----- |..@- |.| ---......---....--- |.....[<[.--------------- ---.| |.--- --..............-- |......--).)............------ |.--- -- |...| |...............--|..).[[.|----------.........*|--...----.-- ----.--- --..--...........|---[)..-- --- |......----.--..........--- --..|...| --|..-|...........-- |[...-- ---.-----.......||............-..| --|..........---..|............|--.....| |.....--|-......||.---.|.........| --.|...........|--.......-..-- -|...[...| |......||......--|. ----......--- |.............-- -------..--- ---.-....-- -.....|--.....--|- |....--- |...--.|......| --.| |.)....--- |.....---......--.--- --...-- --.----|....--- |.| |.--.--- |..---........`..|.|.--....| -- |...-- |.-----.|--- ---- |..........--.......--- --..| |..|%%[.| |>......---........-- ---- --..%.--- ---.|..--|........-- ---..| ------ --..|.---- ---- ----- Merlek the Wizard Experience level: 7 Strength: 10 Dexterity: 7 Constitution: 13 Intelligence: 19 Wisdom: 19 Charisma: 10 Health: 0(45) Energy: 125(128) Def: 6 Gold: 0 Moves: 4425 Dungeon seed [set]: Game ID: Merlek_1670503225 Your Inventory: Weapons a - a blessed +2 elven dagger named Dagger of Reckoning (weapon in hand) P - 5 uncursed +0 daggers (in quiver) T - an uncursed +1 elven dagger Armor e - an uncursed rotted +0 cloak of magic resistance (being worn) z - an uncursed +0 elven leather helm (being worn) E - a blessed +1 leather armor (being worn) Y - an uncursed +0 pair of iron shoes (being worn) Tools I - an uncursed bag of holding L - an uncursed sack named tele V - an uncursed oil lamp (0:1024) Contents of the bag of holding: 547 gold pieces a [uncursed] [+0] aklys 9 [cursed] [+0] arrows a [cursed] [+0] bow 2 uncursed food rations an uncursed sprig of wolfsbane 2 uncursed tripe rations 2 uncursed scrolls of fire an uncursed scroll of identify 2 [cursed] scrolls of identify a [uncursed] scroll of light a blessed scroll of punishment a cursed scroll of stinking cloud a blessed spellbook of force bolt a [uncursed] spellbook of light an uncursed spellbook of sleep a blessed potion of booze a [uncursed] potion of fruit juice an uncursed potion of gain ability a [uncursed] potion of gain energy a potion of holy water a [uncursed] potion of water a [uncursed] [+1] ring of gain strength a [cursed] ring of sustain ability a [uncursed] worthless piece of orange glass Spells and supernatural/magical abilities: Name Level Category Fail Memory a - force bolt 1 attack 0% 78% b - sleep 2 enchantment 0% 81% c - knock 1 matter 0% 88% d - light 1 divination 0% 100% j - jumping 1 escape 0% 78% W - pray for help -- divine ? -- Your skills at the end: Miscellaneous Skills wands [Basic] stealth [Skilled] Weapon Skills dagger [Basic] quarterstaff [Basic] Spellcasting Skills attack spells [Skilled] enchantment spells [Basic] Final Attributes: You were piously aligned. You were magic-protected. You were telepathic. You were stealthy. You were lucky. You are dead. Vanquished creatures: a quivering blob a horse a gnome king a brown pudding a gold golem a housecat 4 human zombies 7 Uruk-hai 7 gnome lords a gray ooze 4 elf zombies a floating eye a kitten 9 dwarves a jitterbug a monkey a gas spore 3 hobbits 4 geckos 2 giant rats a brown mold a red mold 24 gnomes a gnome zombie 10 jackals 6 newts 2 goblins 7 grid bugs a bat 2 lichens 2 kobold zombies 109 creatures vanquished. Voluntary challenges: You did not adorn yourself with jewelry or accessories. You did not cause conflict. You were not invisible. You did not have reflection. You were not displaced. You did not donate to any temples.. You used a wielded weapon 96 times, starting on turn 50. You did not apply a unicorn horn. You did not use plumbed fixtures. You did not drink any magical draughts. You read items or engraved 3 times, starting on turn 443. You never genocided any monsters. You never polymorphed an object. You never changed form. You used no wishes. You did not use any artifacts. You never split a pudding. You never wrote Elbereth's name. You never violated your personal moral code. Dungeon overview: The Dungeons of Doom: levels 1 to 5 Level 1 an altar to Anhur, some fountains a long staircase Level 2 (300 spell in shop) a vault, a general store, a fountain a magic portal Level 3 a vault, some fountains, a sink, a bench Level 4 (vault) a vault stairs to The Gnomish Mines Level 5 a fountain, a sink The Gnomish Mines: levels 5 to 7 Level 5 stairs to The Dungeons of Doom Level 6 Level 7 <- You were here History has recorded: On T:1 you entered the Dungeons of Doom to retrieve the Amulet of Yendor! On T:156 you unlocked the Priest role by identifying an item's beatitude on an altar. On T:316 you reached level 2 of The Dungeons of Doom. On T:316 you unlocked the Ranger role by using stairs. On T:395 you reached level 3 of The Dungeons of Doom. On T:440 you advanced to experience level 2. On T:656 you advanced to experience level 3. On T:1801 you reached level 4 of The Dungeons of Doom. On T:1858 you advanced to experience level 4. On T:1959 you reached level 1 of The Gnomish Mines. On T:1959 you unlocked the Rogue role by using long stairs. On T:1993 you reached level 5 of The Dungeons of Doom. On T:2302 you advanced to experience level 5. On T:3233 you reached level 2 of The Gnomish Mines. On T:3281 you advanced to experience level 6. On T:3442 you reached level 3 of The Gnomish Mines. On T:4047 you advanced to experience level 7. Score breakdown: Gold: 547 ( 54 points) Experience: 7 levels ( 600 points) Exploration: 7 levels ( 180 points) Discoveries: 22 items ( 1100 points) Variety of kills: 31 monsters ( 1550 points) Major goal: (nothing yet) ( 0 points) Survival: died (score multiplied by 3) Total score: 10452 Latest messages: The giant spider bites! The giant spider moves its spinnerets around you. You are stuck to the web. The giant spider bites! The giant spider moves its spinnerets around you. The giant spider bites! The giant spider's bite was poisoned! The giant spider moves its spinnerets around you. A milky potion shatters! You smell a peculiar odor... Something seems to be holding you. The spell hits the giant spider! The giant spider bites! The giant spider moves its spinnerets around you. The giant spider bites! The giant spider moves its spinnerets around you. The giant spider bites! You die... The sack named tele is empty. The sack named tele is empty. Final status: Goodbye Merlek the Wizard, killed by a giant spider, while frozen by potion vapours... You died in The Gnomish Mines on dungeon level 7 with 10452 points, and 547 pieces of gold, after 4425 moves. You were level 7 with a maximum of 45 hit points when you died.